 Dungeon Crawl Stone Soup version 0.22-a0-580-gd5db89c (webtiles) character file.

35 Lianjan the Digger (level 3, 0/21 HPs)
             Began as a Demonspawn Earth Elementalist on July 2, 2018.
             Succumbed to an adder's poison
             ... on level 2 of the Dungeon.
             The game lasted 00:03:07 (1463 turns).

Lianjan the Digger (Demonspawn Earth Elementalist)  Turns: 1463, Time: 00:03:07

Health: 0/21       AC:  2    Str:  7 (9)  XL:     3   Next: 17%
Magic:  4/6        EV: 18    Int: 18 (21) God:
Gold:   50         SH:  0    Dex: 16 (18) Spells: 5/6 levels left

rFire    . . .     SeeInvis .   (no weapon)
rCold    . . .     Gourm    .   (no shield)
rNeg     . . .     Faith    .   c - +0 robe
rPois    .         Spirit   .   (no helmet)
rElec    .         Reflect  .   (no cloak)
rCorr    .         Harm     .   (no gloves)
MR       .....                  (no boots)
Stlth    +++.......             (no amulet)
HPRegen  0.07/turn              (no ring)
MPRegen  0.10/turn              (no ring)

@: brilliant, agile, lethally poisoned (0 -> -3)
A: claws 1, hooves 1, frail 1, spiny 1
a: no special abilities


You were on level 2 of the Dungeon.
You were not hungry.

You visited 1 branch of the dungeon, and saw 2 of its levels.

You collected 50 gold pieces.

Inventory:

Missiles
 b - 47 stones (quivered)
Armour
 c - a +0 robe (worn)
Jewellery
 g - an uncursed ring of protection from magic {unknown}
Scrolls
 a - a scroll of remove curse {unknown}
 e - a scroll of identify {unknown}
Potions
 h - 2 potions of agility
 i - a potion of mutation
 j - a potion of brilliance
Comestibles
 d - 3 rations


   Skills:
 - Level 2.0 Dodging
 - Level 2.0 Stealth
 + Level 0.6 Unarmed Combat
 + Level 2.3 Spellcasting
   Level 0.8 Transmutations
 * Level 3.3 Earth Magic


You had 5 spell levels left.
You knew the following spells:

 Your Spells              Type           Power        Failure   Level  Hunger
a - Sandblast             Erth           ###...       1%          1    #......

Your spell library contained the following spells:

 Spells                   Type           Power        Failure   Level  Hunger
 Stone Arrow              Conj/Erth      ###...       3%          3    ###....
 Passwall                 Tmut/Erth      ###.....     1%          2    ##.....
 Lee's Rapid Deconstruct  Erth           ###.......   13%         5    ######.
 Petrify                  Tmut/Erth      ###.....     9%          4    #####..


Dungeon Overview and Level Annotations

Branches:
Dungeon (2/15)

Altars:
Elyvilon


Innate Abilities, Weirdness & Mutations

You have sharp fingernails.
You are partially covered in sharp spines.
You have large cloven feet.
You are frail. (-10% HP)


Message History

You feel sick.
It was a potion of degeneration.
There was something very wrong with that liquid.
You feel weakened.
You feel dopey.
You feel clumsy.
* * * LOW HITPOINT WARNING * * *
You feel sick.
You see here an adder corpse.
You butcher the adder corpse.
* * * LOW HITPOINT WARNING * * *
You feel sick.
You see here 2 chunks of flesh.
* * * LOW HITPOINT WARNING * * *
You feel sick.
* * * LOW HITPOINT WARNING * * *
You feel sick.
* * * LOW HITPOINT WARNING * * *
You feel sick.
* * * LOW HITPOINT WARNING * * *
You feel sick.
You die...

#.................#
#.##.......##+##### #
#.......# #.......#
#.......# +.......+
#.......#
########################
#......@...%............
#.######################
#..S......# #########.#
#.# #S# #.# #.# #.#


There were no monsters in sight!

Vanquished Creatures
  An adder (D:2)
  An ooze (D:2)
  A leopard gecko (D:2)
  A giant cockroach (D:1)
  A goblin (D:1)
  3 hobgoblins (D:1)
  A quokka (D:2)
  5 bats
  3 frilled lizards
  3 kobolds (D:1)
  3 rats
23 creatures vanquished.

Vanquished Creatures (others)
  A bat (D:2)
  A rat (D:2)
2 creatures vanquished.

Grand Total: 25 creatures vanquished

Notes
Turn   | Place    | Note
-------+----------+-------------------------------------------
     0 | D:1      | Lianjan the Demonspawn Earth Elementalist began the quest for the Orb.
     0 | D:1      | Reached XP level 1. HP: 13/13 MP: 3/3
   375 | D:1      | Gained mutation: You have sharp fingernails. [demonic ancestry]
   375 | D:1      | Reached XP level 2. HP: 19/19 MP: 3/5
   573 | D:1      | Reached skill level 3 in Earth Magic
   760 | D:2      | Found a white marble altar of Elyvilon.
  1441 | D:2      | Gained mutation: You are partially covered in sharp spines. [demonic ancestry]
  1441 | D:2      | Reached XP level 3. HP: 8/24 MP: 2/6
  1444 | D:2      | Gained mutation: You are frail. (-10% HP) [potion of mutation]
  1444 | D:2      | Gained mutation: You have large cloven feet. [potion of mutation]
  1459 | D:2      | HP: 1/21 [poisoned by an adder]
  1463 | D:2      | Succumbed to an adder's poison

Vault maps used:
D:1:      saegor_arrival_simple_d
D:2:      elyvilon_altar_4, first_ration

Skill      XL: |  1  2 |
---------------+-------+-----
Stealth        | 2 |  2.0
Dodging        | 2 |  2.0
Earth Magic    | 3 |  3.3
Unarmed Combat | |  0.6
Spellcasting   | |  2.3
Transmutations | |  0.8

Action                   || total
-------------------------++-------
Melee: Unarmed           ||    88
 Cast: Sandblast         ||    16
  Use: Potion            ||     4
 Stab: Sleeping          ||     3
  Eat: Chunk             ||     2
Armor: Robe              ||    25
Dodge: Dodged            ||    89

Table legend:
 A = Spawn XP
 B = Non-spawn XP
 C = Spawn XP percentage of total XP
 D = Spawn monster count
 E = Non-spawn monster count
 F = Spawn count percentage of total count
 G = Total turns spent on level
                    A         B        C        D         E        F      G
               +---------+---------+-------+---------+---------+-------+---------
         Total |       0 |      51 |   0.0 |       0 |      23 |   0.0 |  1463
               +---------+---------+-------+---------+---------+-------+---------
           D:1 |       0 |      19 |   0.0 |       0 |      14 |   0.0 |   709
           D:2 |       0 |      32 |   0.0 |       0 |       9 |   0.0 |   754
               +---------+---------+-------+---------+---------+-------+---------
